[Event "Titled Tuesday Blitz December 06 Late 2022"]
[White "Gerbelli Neto, Eduardo"]
[Black "Graif, William"]
[WhiteFideId "2103281"]
[BlackFideId "2609835"]
[WhiteElo "2178"]
[BlackElo "2205"]
[Result "0-1"]
[Round "03"]
[TimeControl "180+1"]
[Date "2022.12.07"]
[WhiteClock "0:00:29"]
[BlackClock "0:00:13"]

1. e4 e5 2. Nf3 Bc5 3. Nxe5 Nc6 4. Nf3 d5 5. Nc3 dxe4 6. Nxe4 Qe7 7. Qe2 Bb6 8. c3 Be6 9. Neg5 O-O-O 10. Nxe6 fxe6 11. d4 Nf6 12. Bg5 h6 13. Bh4 e5 14. O-O-O g5 15. Bg3 exd4 16. Qxe7 Nxe7 17. Nxd4 Bxd4 18. cxd4 Nc6 19. d5 Rxd5 20. Bc4 Rc5 21. b3 b5 22. f3 bxc4 23. Bf2 Ra5 24. Kb2 cxb3 25. axb3 Rd8 26. Rxd8+ Kxd8 27. Rd1+ Rd5 28. Rxd5+ Nxd5 29. g3 a6 30. h4 gxh4 31. gxh4 h5 32. Bc5 Ne5 33. Bf2 Nd3+ 0-1


[Site "https://www.chess.com"]

[Event "Titled Tuesday Blitz December 06 Late 2022"]
[White "Goltsev, Dmitry"]
[Black "Bortnyk, Olexandr"]
[WhiteFideId "24176710"]
[BlackFideId "14120828"]
[WhiteElo "2327"]
[BlackElo "2723"]
[Result "0-1"]
[Round "03"]
[TimeControl "180+1"]
[Date "2022.12.06"]
[WhiteClock "0:00:45"]
[BlackClock "0:00:22"]

1. e4 Nf6 2. e5 Nd5 3. c4 Nb6 4. d4 d6 5. exd6 exd6 6. Nc3 Be7 7. Nf3 O-O 8. Bd3 Bg4 9. h3 Bh5 10. O-O Nc6 11. Be3 Bf6 12. g4 Bg6 13. Bxg6 fxg6 14. Qd3 Qd7 15. Nd2 Rae8 16. a3 h5 17. Qxg6 Bxd4 18. Bxd4 Nxd4 19. Rae1 hxg4 20. Qxg4 Qxg4+ 21. hxg4 Rxe1 22. Rxe1 Nf3+ 23. Nxf3 Rxf3 24. Re8+ Kf7 25. Rb8 Rf4 26. Rxb7 Rxg4+ 27. Kf1 Rxc4 28. Rxa7 Ke6 29. Ke2 g5 30. Kd3 d5 31. Nb5 Na4 32. Nxc7+ Ke5 33. Ra5 Nxb2+ 34. Kd2 Rxc7 35. Ke2 Rc2+ 36. Kf3 Nd1 37. Kg4 Nxf2+ 38. Kxg5 Ne4+ 39. Kg4 Rg2+ 40. Kf3 Rg3+ 41. Ke2 Rb3 42. a4 Kd4 43. Ra8 Rb2+ 44. Kd1 Kd3 45. Kc1 Rc2+ 46. Kd1 Ra2 47. Rc8 Ra1+ 0-1


[Site "https://www.chess.com"]

[Event "Titled Tuesday Blitz December 06 Late 2022"]
[White "Goncalves, Davi Sulzbacher"]
[Black "Zhu, Jiner"]
[WhiteFideId "2154510"]
[BlackFideId "8608059"]
[WhiteElo "2182"]
[BlackElo "2384"]
[Result "1-0"]
[Round "03"]
[TimeControl "180+1"]
[Date "2022.12.07"]
[WhiteClock "0:00:04"]
[BlackClock "0:00:05"]

1. d4 Nf6 2. c4 c5 3. d5 e6 4. Nc3 exd5 5. cxd5 g6 6. e4 d6 7. f4 Bg7 8. Bb5+ Nfd7 9. a4 O-O 10. Nf3 Na6 11. O-O Re8 12. Bd2 Nc7 13. Bd3 a6 14. Be1 Qe7 15. Bh4 Qf8 16. Qd2 Rb8 17. e5 dxe5 18. f5 c4 19. Bc2 Qd6 20. Ng5 Nf6 21. Nxf7 Kxf7 22. fxg6+ hxg6 23. Rxf6+ Bxf6 24. Rf1 Bd7 25. Rxf6+ Qxf6 26. Bxf6 Kxf6 27. Ne4+ Kg7 28. Nd6 Rf8 29. Qg5 Rf6 30. Qxe5 Rf8 31. h4 Kg8 32. Kh2 Ne8 33. Ne4 R6f7 34. Qg5 Bf5 35. h5 Rh7 36. h6 Kh8 37. Kg3 Rhf7 38. d6 Bxe4 39. Bxe4 Nxd6 40. Qe5+ Kh7 41. Qxd6 Re8 42. Bxg6+ 1-0


[Site "https://www.chess.com"]

[Event "Titled Tuesday Blitz December 06 Late 2022"]
[White "Grot, Blazej"]
[Black "Melikyan, Gnel"]
[WhiteFideId "21835845"]
[BlackFideId "54109990"]
[WhiteElo "1823"]
[BlackElo "2138"]
[Result "0-1"]
[Round "03"]
[TimeControl "180+1"]
[Date "2022.12.07"]
[WhiteClock "0:00:01"]
[BlackClock "0:00:06"]

1. e4 a5 2. d4 e6 3. Bd3 d5 4. exd5 exd5 5. h3 Nf6 6. Nf3 Bd6 7. O-O O-O 8. Bg5 h6 9. Bh4 c6 10. c4 dxc4 11. Bxc4 Bf5 12. Nc3 Nbd7 13. d5 Ne5 14. Nxe5 Bxe5 15. dxc6 Qxd1 16. Raxd1 bxc6 17. Rfe1 Rfe8 18. Re3 g5 19. Bg3 Bxg3 20. Rxg3 Be6 21. Bxe6 Rxe6 22. Rgd3 Kg7 23. Rd6 Rxd6 24. Rxd6 Ra6 25. b3 Ne8 26. Rd8 Nc7 27. Na4 Ne6 28. Rd6 Kf6 29. Nc5 Ra7 30. Rxc6 Ke7 31. Ne4 Rd7 32. Kh2 Rd4 33. Nc3 Rd2 34. Kg3 Nd4 35. Rc5 Rd3+ 36. Kh2 f5 37. Nb5 Ne6 38. Rxf5 Rd2 39. a4 Rb2 40. Re5 Kf6 41. Re3 Nc5 42. Rf3+ Kg6 43. Nd4 Rd2 44. Nc6 Ne4 45. Ne5+ Kg7 46. Rf7+ Kg8 47. f3 Nc5 48. Rc7 Nxb3 49. Ng6 Nd4 50. Ne7+ Kf7 51. Nf5+ Kg6 52. Rd7 Nxf3+ 53. Kg3 Rxd7 54. Ne3 Ne5 0-1


[Site "https://www.chess.com"]

[Event "Titled Tuesday Blitz December 06 Late 2022"]
[White "Gutkin, Ilya"]
[Black "Gallo Garcia, Kemel Antonio"]
[WhiteFideId "16203470"]
[BlackFideId "3523896"]
[WhiteElo "2265"]
[BlackElo "2359"]
[Result "0-1"]
[Round "03"]
[TimeControl "180+1"]
[Date "2022.12.07"]
[WhiteClock "0:00:01"]
[BlackClock "0:01:07"]

1. Nf3 Nf6 2. g3 b6 3. Bg2 Bb7 4. c4 e6 5. O-O Be7 6. d4 O-O 7. Nc3 Ne4 8. Qc2 Nxc3 9. Qxc3 Be4 10. Bf4 d6 11. Rfd1 Nd7 12. Rac1 g5 13. Be3 c6 14. d5 cxd5 15. cxd5 Bxd5 16. Nd4 Bxg2 17. Kxg2 Bf6 18. Qd3 Ne5 19. Qd2 h6 20. h4 Ng4 21. hxg5 Nxe3+ 22. Qxe3 Bxg5 23. f4 Bf6 24. Nc6 Qd7 25. b4 b5 26. Rh1 Bg7 27. Qf3 Rfc8 28. Qg4 Rxc6 29. Qf3 Rac8 0-1


[Site "https://www.chess.com"]

[Event "Titled Tuesday Blitz December 06 Late 2022"]
[White "Harshavardhan G B"]
[Black "Jobava, Baadur"]
[WhiteFideId "25059009"]
[BlackFideId "13601520"]
[WhiteElo "2323"]
[BlackElo "2582"]
[Result "0-1"]
[Round "03"]
[TimeControl "180+1"]
[Date "2022.12.06"]
[WhiteClock "0:00:02"]
[BlackClock "0:00:05"]

1. e4 d6 2. d4 Nf6 3. Nc3 e5 4. Nf3 Nbd7 5. Bc4 Be7 6. O-O O-O 7. Re1 h6 8. h3 c6 9. a4 Re8 10. Be3 a5 11. Bb3 Bf8 12. Qd2 Qc7 13. Rad1 Nb6 14. Nh4 Be6 15. dxe5 dxe5 16. Bxe6 Rxe6 17. Qe2 g6 18. g4 Nbd7 19. g5 hxg5 20. Bxg5 Nh5 21. Qg4 Ndf6 22. Qf3 Rae8 23. Ne2 Nh7 24. Be3 Qc8 25. Qg4 N7f6 26. Qf3 Bb4 27. c3 Be7 28. Ng3 Ng7 29. Ng2 b5 30. axb5 cxb5 31. Qe2 b4 32. Rc1 Rc6 33. c4 Qxh3 34. Red1 Ng4 35. Nf1 Ne6 36. Rd3 Nxe3 37. Qxe3 Qxe3 38. Nfxe3 Kg7 39. Nd5 Bc5 40. b3 Nd4 41. Ra1 Ra8 42. Nge3 Ra7 43. Kg2 Rca6 44. Ng4 a4 45. Rh3 Ne6 46. Rah1 Ng5 47. Rh8 axb3 48. Rb8 Ra8 49. Rb7 b2 50. Nxe5 Bd4 0-1


[Site "https://www.chess.com"]

[Event "Titled Tuesday Blitz December 06 Late 2022"]
[White "Hernandez Jimenez, Alexander Andres"]
[Black "Pham, Khoi"]
[WhiteFideId "3900452"]
[BlackFideId "1054988"]
[WhiteElo "2098"]
[BlackElo "2479"]
[Result "0-1"]
[Round "03"]
[TimeControl "180+1"]
[Date "2022.12.07"]
[WhiteClock "0:00:41"]
[BlackClock "0:01:33"]

1. e4 e6 2. Nf3 d5 3. exd5 exd5 4. d4 Nc6 5. Bd3 Bd6 6. c3 Bg4 7. O-O Qd7 8. Re1+ Nge7 9. Nbd2 O-O 10. Nf1 Rfe8 11. h3 Bh5 12. Ng3 Bxg3 13. fxg3 Bg6 14. Bf4 Bxd3 15. Qxd3 Nf5 16. g4 Nd6 17. Ne5 Nxe5 18. Rxe5 Rxe5 19. Bxe5 Ne4 20. Rf1 Re8 21. a3 c5 22. Bf4 c4 23. Qf3 Re6 24. Bc1 Rf6 25. Qd1 Qe6 26. Rxf6 Qxf6 27. Qf3 Qe6 28. Qf4 h6 29. Qf5 Qxf5 30. gxf5 Ng3 31. f6 Ne2+ 0-1


[Site "https://www.chess.com"]

[Event "Titled Tuesday Blitz December 06 Late 2022"]
[White "Ismayil, Malak"]
[Black "Hoffmann, Asa"]
[WhiteFideId "13412604"]
[BlackFideId "2001470"]
[WhiteElo "1880"]
[BlackElo "2117"]
[Result "1-0"]
[Round "03"]
[TimeControl "180+1"]
[Date "2022.12.07"]
[WhiteClock "0:00:06"]
[BlackClock "0:00:11"]

1. e4 d6 2. d4 Nf6 3. Nc3 c6 4. g3 Nbd7 5. Bg2 e5 6. Nge2 Be7 7. O-O Qc7 8. Bg5 h6 9. Bxf6 Bxf6 10. d5 c5 11. a4 b6 12. Qd2 Ba6 13. Nb5 Bxb5 14. axb5 O-O 15. c4 Qb7 16. Ra6 Nb8 17. Ra3 a5 18. Rfa1 Nd7 19. Rf1 Rae8 20. Kh1 Qc7 21. Bh3 Qd8 22. Nc3 Bg5 23. Qd1 Nf6 24. f4 exf4 25. gxf4 Bh4 26. Bg2 g6 27. b3 Nh5 28. Ra2 Bf6 29. Na4 Bd4 30. Qg4 Kh7 31. Re2 Qf6 32. Nxb6 Re7 33. Nd7 Rxd7 34. Qxd7 Nxf4 35. Qg4 g5 36. Ra2 Bc3 37. Bh3 Kg7 38. Raf2 Be5 39. Qd7 Rd8 40. Qc7 Re8 41. b6 Bd4 42. Rxf4 gxf4 43. b7 Qe5 44. b8=Q Qxe4+ 45. Bg2 f3 46. Bxf3 Qxf3+ 47. Rxf3 Re1+ 48. Kg2 Rg1+ 49. Kh3 Bf6 50. Rxf6 Kxf6 51. Qxd6+ Kf5 52. Qf4+ Kg6 53. Qg8+ Kh5 54. Qgg4+ Rxg4 55. Qxg4# 1-0


[Site "https://www.chess.com"]

[Event "Titled Tuesday Blitz December 06 Late 2022"]
[White "Jarmula, Lukasz"]
[Black "Ibarra Jerez, Jose Carlos"]
[WhiteFideId "1160664"]
[BlackFideId "2226332"]
[WhiteElo "2587"]
[BlackElo "2817"]
[Result "0-1"]
[Round "03"]
[TimeControl "180+1"]
[Date "2022.12.07"]
[WhiteClock "0:00:05"]
[BlackClock "0:00:36"]

1. e4 c5 2. Nf3 Nc6 3. Bb5 e6 4. O-O Nge7 5. d4 cxd4 6. Nxd4 Ng6 7. Nxc6 bxc6 8. Bd3 d5 9. c4 dxc4 10. Bxc4 Qh4 11. Nd2 Bc5 12. Qc2 O-O 13. Nf3 Qe7 14. Bg5 f6 15. Bd2 Bd6 16. Bc3 Kh8 17. e5 fxe5 18. Rfe1 Rxf3 19. gxf3 Nh4 20. Kh1 c5 21. Bd3 Nxf3 22. Re3 Bb7 23. Be4 Qh4 24. Bxf3 e4 25. Bxg7+ Kg8 26. Be5 Bxe5 27. Rg1+ Kh8 28. Rg3 Bxg3 29. fxg3 exf3 30. gxh4 f2+ 0-1


[Site "https://www.chess.com"]

[Event "Titled Tuesday Blitz December 06 Late 2022"]
[White "Jaskolka, Tomasz"]
[Black "Grapsa, Georgia"]
[WhiteFideId "1170791"]
[BlackFideId "4206436"]
[WhiteElo "2126"]
[BlackElo "1825"]
[Result "1-0"]
[Round "03"]
[TimeControl "180+1"]
[Date "2022.12.07"]
[WhiteClock "0:00:18"]
[BlackClock "0:00:18"]

1. e4 d5 2. exd5 Qxd5 3. Nc3 Qa5 4. Nf3 Nf6 5. Bc4 c6 6. O-O Bf5 7. d3 e6 8. Re1 Be7 9. Re5 Qc7 10. Bf4 Bd6 11. Qe2 Bxe5 12. Nxe5 Qe7 13. Bb3 Nbd7 14. Nc4 Nb6 15. Nd6+ Kf8 16. Re1 Qd7 17. Qf3 h6 18. Nxf5 exf5 19. Be5 Nfd5 20. Nxd5 Nxd5 21. c4 Ne7 22. Qg3 Ng6 23. Bd6+ Kg8 24. c5 Kh7 25. h4 Rhe8 26. Rc1 f4 27. Qf3 Qf5 28. h5 Ne5 29. Qe4 Qxe4 30. dxe4 f6 31. f3 b6 32. cxb6 axb6 33. Bxe5 fxe5 34. Rxc6 Rab8 35. Bf7 Rec8 36. Bg6+ Kg8 37. Re6 Rc5 38. b4 Rb5 39. a3 Ra8 40. Re8+ Rxe8 41. Bxe8 1-0


[Site "https://www.chess.com"]

[Event "Titled Tuesday Blitz December 06 Late 2022"]
[White "Joubert, Dantelle"]
[Black "Sukandar, Irine Kharisma"]
[WhiteFideId "14310813"]
[BlackFideId "7101937"]
[WhiteElo "1507"]
[BlackElo "2301"]
[Result "0-1"]
[Round "03"]
[TimeControl "180+1"]
[Date "2022.12.07"]
[WhiteClock "0:01:07"]
[BlackClock "0:01:56"]

1. d4 Nf6 2. c4 e6 3. Nf3 b6 4. g3 Ba6 5. b3 d5 6. Nbd2 Bb4 7. Qc2 O-O 8. Bg2 c5 9. dxc5 Bxc5 10. O-O Nbd7 11. Bb2 Rc8 12. Rac1 Qe7 13. Qb1 h6 14. Rfe1 Ng4 15. e3 Ngf6 16. Qa1 Ba3 17. Rc2 Bxb2 18. Qxb2 dxc4 19. Nxc4 Bxc4 20. bxc4 Nc5 21. Nd4 Nd3 22. Qc1 Nxc1 0-1


[Site "https://www.chess.com"]

[Event "Titled Tuesday Blitz December 06 Late 2022"]
[White "Kamsky, Gata"]
[Black "Adla, Diego"]
[WhiteFideId "2000024"]
[BlackFideId "100072"]
[WhiteElo "2666"]
[BlackElo "2377"]
[Result "1-0"]
[Round "03"]
[TimeControl "180+1"]
[Date "2022.12.06"]
[WhiteClock "0:00:07"]
[BlackClock "0:00:01"]

1. d4 Nf6 2. Bf4 d5 3. e3 c5 4. c3 Nc6 5. Nd2 Qb6 6. Qb3 c4 7. Qc2 g6 8. e4 Nxe4 9. Nxe4 dxe4 10. Bxc4 Bg7 11. Ne2 O-O 12. O-O e5 13. dxe5 Nxe5 14. Bxe5 Bxe5 15. Qxe4 Re8 16. Ng3 Bd7 17. Qf3 Re7 18. Rab1 Rae8 19. Kh1 Kg7 20. Bd5 Bc8 21. c4 h5 22. h3 Bb8 23. Rfd1 Qc7 24. Kg1 Re5 25. Qc3 Kg8 26. Re1 h4 27. Nf1 b5 28. Rxe5 Rxe5 29. Rd1 bxc4 30. Qxc4 Qxc4 31. Bxc4 Re8 32. Nh2 Be5 33. b3 Bf5 34. Nf3 Bf6 35. Kf1 a5 36. Rd5 Ra8 37. a4 Kg7 38. Rb5 Ra7 39. Bd5 Bd3+ 40. Ke1 Bxb5 41. axb5 a4 42. bxa4 Rxa4 43. b6 Rb4 44. b7 g5 45. Ke2 Kf8 46. Nd2 Ke7 47. Ne4 Rb2+ 48. Kf3 Be5 49. Nxg5 f6 50. Ne4 Kd7 51. Kg4 Rb4 52. Kf5 Kc7 53. g4 hxg3 54. fxg3 Rb1 55. g4 Rf1+ 56. Kg6 Rg1 57. Nxf6 Bxf6 58. Kxf6 1-0


[Site "https://www.chess.com"]

[Event "Titled Tuesday Blitz December 06 Late 2022"]
[White "Kavutskiy, Konstantin"]
[Black "Bilan, Danila"]
[WhiteFideId "2026384"]
[BlackFideId "24161918"]
[WhiteElo "2386"]
[BlackElo "2182"]
[Result "0-1"]
[Round "03"]
[TimeControl "180+1"]
[Date "2022.12.07"]
[WhiteClock "0:00:04"]
[BlackClock "0:00:11"]

1. d4 d5 2. c4 c6 3. Nf3 Nf6 4. Nc3 e6 5. e3 Nbd7 6. b3 Bd6 7. Bb2 O-O 8. Qc2 Qe7 9. Be2 dxc4 10. bxc4 e5 11. O-O e4 12. Nd2 Re8 13. a4 Nf8 14. a5 Ng6 15. a6 b6 16. c5 bxc5 17. dxc5 Be5 18. Nc4 Qxc5 19. Ba3 Bxh2+ 20. Kxh2 Qg5 21. Nd6 Nh4 22. g3 Ng4+ 23. Bxg4 Qxg4 24. gxh4 Qxh4+ 25. Kg1 Qg4+ 26. Kh2 Qh3+ 27. Kg1 Qg4+ 28. Kh2 Re6 29. Nxf7 Kxf7 30. Qb3 Ke8 31. Qxe6+ Bxe6 32. Rg1 Qh3# 0-1


[Site "https://www.chess.com"]

[Event "Titled Tuesday Blitz December 06 Late 2022"]
[White "Koellner, Ruben Gideon"]
[Black "Quesada Perez, Yuniesky"]
[WhiteFideId "12993093"]
[BlackFideId "3504409"]
[WhiteElo "2303"]
[BlackElo "2600"]
[Result "0-1"]
[Round "03"]
[TimeControl "180+1"]
[Date "2022.12.06"]
[WhiteClock "0:00:02"]
[BlackClock "0:00:12"]

1. d4 d5 2. Nf3 Nf6 3. e3 c5 4. c3 Nc6 5. Nbd2 cxd4 6. exd4 Bf5 7. Nh4 Bg6 8. Nxg6 hxg6 9. Bd3 e6 10. Nf3 Bd6 11. O-O Ne4 12. h3 f5 13. Re1 Qc7 14. Ng5 Qe7 15. Nxe4 dxe4 16. Bb5 a6 17. Bxc6+ bxc6 18. Qa4 Qd7 19. b3 Kf7 20. Ba3 Bc7 21. Rad1 g5 22. c4 Rad8 23. Bc5 Rh4 24. Qxa6 g4 25. hxg4 Rdh8 26. Kf1 Rxg4 27. g3 Rh2 28. d5 cxd5 29. cxd5 exd5 30. a4 f4 31. gxf4 Rg6 32. Qb5 Qg4 0-1


[Site "https://www.chess.com"]

[Event "Titled Tuesday Blitz December 06 Late 2022"]
[White "Kollars, Dmitrij"]
[Black "Rakhmatullaev, Almas"]
[WhiteFideId "12909572"]
[BlackFideId "14205793"]
[WhiteElo "2584"]
[BlackElo "2221"]
[Result "1-0"]
[Round "03"]
[TimeControl "180+1"]
[Date "2022.12.06"]
[WhiteClock "0:00:16"]
[BlackClock "0:00:02"]

1. c4 Nf6 2. Nc3 g6 3. d4 Bg7 4. Bg5 O-O 5. e3 d6 6. Nf3 Nbd7 7. Bd3 c6 8. O-O e5 9. Qc2 Qe7 10. Nd2 h6 11. Bh4 g5 12. Bg3 Nh5 13. d5 Nc5 14. Bh7+ Kh8 15. Bf5 Nxg3 16. hxg3 Nd7 17. g4 Nf6 18. Bxc8 Raxc8 19. Qf5 cxd5 20. Nxd5 Nxd5 21. cxd5 Rc5 22. Qd3 Rfc8 23. Ne4 Rc2 24. Rab1 R2c7 25. Qa3 Bf8 26. Qxa7 Rc4 27. f3 h5 28. gxh5 f5 29. Ng3 Qh7 30. e4 f4 31. Nf5 Qxh5 32. Rf2 g4 33. fxg4 Qxg4 34. Re1 Rc2 35. Ref1 R8c4 36. Qb8 Rc8 37. Qa7 R8c4 38. Qa8 Rc8 39. Qa4 Rxf2 40. Rxf2 Rc1+ 41. Rf1 Rc7 42. Qe8 Qg8 43. Qe6 Qg5 44. Qe8 Qg8 45. Rf3 Rc1+ 46. Kh2 Bg7 47. Rh3+ 1-0


[Site "https://www.chess.com"]

[Event "Titled Tuesday Blitz December 06 Late 2022"]
[White "Korchmar, Vasiliy"]
[Black "Petrovic, Aleksa"]
[WhiteFideId "24131750"]
[BlackFideId "967629"]
[WhiteElo "2370"]
[BlackElo "2230"]
[Result "1-0"]
[Round "03"]
[TimeControl "180+1"]
[Date "2022.12.07"]
[WhiteClock "0:02:45"]
[BlackClock "0:00:36"]

1. e4 c6 2. d4 d5 3. e5 c5 4. dxc5 e6 5. Nf3 Bxc5 6. Bd3 Ne7 7. O-O O-O 8. Ng5 h6 9. Qh5 Ng6 10. Nxf7 Rxf7 11. Qxg6 Nc6 12. Bxh6 Qh4 13. Qh7+ Kf8 14. Bxg7+ 1-0


[Site "https://www.chess.com"]

[Event "Titled Tuesday Blitz December 06 Late 2022"]
[White "Korkmaz, Necmettin"]
[Black "Polster, Christian"]
[WhiteFideId "6303285"]
[BlackFideId "12965081"]
[WhiteElo "2094"]
[BlackElo "2195"]
[Result "1/2-1/2"]
[Round "03"]
[TimeControl "180+1"]
[Date "2022.12.07"]
[WhiteClock "0:00:20"]
[BlackClock "0:00:05"]

1. e4 c5 2. Nc3 Nc6 3. f4 e6 4. Nf3 d5 5. Bb5 Ne7 6. exd5 exd5 7. Qe2 Bg4 8. O-O Qb6 9. Nxd5 Qd8 10. Nxe7 Bxe7 11. Re1 Bxf3 12. Qxf3 O-O 13. Bxc6 bxc6 14. Qxc6 Rc8 15. Qe4 Bf6 16. d3 Qd7 17. Qc4 Bd4+ 18. Kf1 Rfe8 19. Bd2 Bxb2 20. Rab1 Bd4 21. Bc3 Bxc3 22. Qxc3 Qg4 23. g3 Qf3+ 24. Kg1 h5 25. Qd2 h4 26. Qg2 Qg4 27. Kf2 c4 28. d4 c3 29. Re4 Rxe4 30. Qxe4 Qh3 31. Re1 Qxh2+ 32. Qg2 hxg3+ 33. Kf3 Qxg2+ 34. Kxg2 Rd8 35. Rd1 Rb8 36. Kxg3 Rb2 37. d5 Rxc2 38. Kf3 Rd2 39. Rxd2 cxd2 40. Ke2 Kf8 41. Kxd2 Ke7 42. Kd3 Kd6 43. Kd4 g6 44. Ke4 f6 45. Kd4 g5 46. fxg5 fxg5 47. Ke4 a5 48. a4 g4 49. Kf4 Kxd5 50. Kxg4 Kc4 51. Kf3 Kb4 52. Ke2 Kxa4 53. Kd1 Kb3 54. Kc1 Ka2 55. Kc2 a4 56. Kc1 a3 57. Kc2 Ka1 58. Kc1 a2 59. Kc2 1/2-1/2


[Site "https://www.chess.com"]

[Event "Titled Tuesday Blitz December 06 Late 2022"]
[White "Korobov, Anton"]
[Black "Putnam, Liam"]
[WhiteFideId "14105730"]
[BlackFideId "30938279"]
[WhiteElo "2635"]
[BlackElo "2082"]
[Result "1-0"]
[Round "03"]
[TimeControl "180+1"]
[Date "2022.12.06"]
[WhiteClock "0:00:51"]
[BlackClock "0:00:22"]

1. d4 Nf6 2. c4 g6 3. Nc3 d5 4. cxd5 Nxd5 5. e4 Nxc3 6. bxc3 Bg7 7. Bc4 c5 8. Ne2 Nc6 9. Be3 O-O 10. O-O b6 11. Rc1 Qc7 12. h4 Bb7 13. h5 Rfd8 14. hxg6 hxg6 15. Nf4 e6 16. Nxe6 fxe6 17. Bxe6+ Kf8 18. Qf3+ Ke8 19. Bf4 Qe7 20. d5 Ne5 21. Qg3 Nf7 22. Qxg6 Qf6 23. Qg4 Kf8 24. Rfe1 Ne5 25. Bxe5 Qxe5 26. f4 Qf6 27. e5 Qh6 28. Qf5+ Bf6 29. exf6 Rd6 30. Re3 1-0


[Site "https://www.chess.com"]

[Event "Titled Tuesday Blitz December 06 Late 2022"]
[White "Kovacevic, Radmila"]
[Black "Martinez Reyes, Pedro Ramon"]
[WhiteFideId "933171"]
[BlackFideId "3901807"]
[WhiteElo "2244"]
[BlackElo "2354"]
[Result "1-0"]
[Round "03"]
[TimeControl "180+1"]
[Date "2022.12.07"]
[WhiteClock "0:01:11"]
[BlackClock "0:01:23"]

1. e4 Nf6 2. e5 Ng8 3. Nf3 d6 4. d4 dxe5 5. Nxe5 Nd7 6. f4 c5 7. d5 Nxe5 8. fxe5 e6 9. Bb5+ Bd7 10. Bxd7+ Qxd7 11. dxe6 Qxd1+ 12. Kxd1 fxe6 13. Nc3 Ne7 14. Nb5 O-O-O+ 15. Nd6+ Kb8 16. Ke2 Rg8 17. Bf4 g5 18. Bg3 h5 19. h3 Nf5 20. Nxf5 exf5 21. Rhd1 Be7 22. Rxd8+ Rxd8 23. Rd1 Rxd1 24. Kxd1 f4 25. Bf2 Kc8 26. Ke2 Kd7 27. Kd3 Ke6 28. Ke4 Bf8 29. h4 gxh4 30. Kxf4 Bg7 31. Bxc5 Bxe5+ 32. Kg5 Bxb2 33. Bxa7 Bf6+ 34. Kxh5 Kd5 35. Bf2 Kc4 36. Bxh4 Bh8 37. Be1 b5 38. g4 b4 39. g5 Kb5 40. Kh6 Ka4 41. Kh7 Bd4 42. g6 Ka3 43. g7 Bxg7 44. Kxg7 Ka4 45. Kf6 Ka3 46. Ke5 Kxa2 47. Bxb4 Kb2 48. c4 Kb3 49. c5 Kxb4 50. c6 1-0


[Site "https://www.chess.com"]

[Event "Titled Tuesday Blitz December 06 Late 2022"]
[White "Leenhouts, Koen"]
[Black "Cuevas Araya, Walter"]
[WhiteFideId "1008439"]
[BlackFideId "3405028"]
[WhiteElo "2409"]
[BlackElo "1957"]
[Result "1-0"]
[Round "03"]
[TimeControl "180+1"]
[Date "2022.12.07"]
[WhiteClock "0:00:12"]
[BlackClock "0:00:08"]

1. e4 e5 2. Nf3 Nf6 3. Nxe5 d6 4. Nf3 Nxe4 5. Nc3 Nxc3 6. dxc3 Be7 7. Be3 Nc6 8. Qd2 Be6 9. O-O-O Bxa2 10. c4 a5 11. Bd3 a4 12. Rhe1 O-O 13. h4 a3 14. b3 Bf6 15. Qe2 Nb4 16. Ng5 g6 17. Qg4 Nxd3+ 18. Rxd3 Bb2+ 19. Kd2 f5 20. Qf3 Qf6 21. Qd5+ Kh8 22. Bd4 Bxd4 23. Qxd4 Qxd4 24. Rxd4 Rfe8 25. Ra1 Bxb3 26. cxb3 a2 27. Rd3 Kg7 28. Nf3 Re4 29. Re3 Rg4 30. g3 Kf8 31. Kd3 c6 32. Nh2 Re4 33. Rxe4 fxe4+ 34. Kxe4 d5+ 35. cxd5 cxd5+ 36. Kxd5 Ra3 37. Kc4 Ra6 38. Nf1 Ke7 39. Ne3 Ke6 40. Kc3 Ke5 41. Kb2 Ke4 42. Rxa2 Rxa2+ 43. Kxa2 Kf3 44. Nd1 Ke2 45. g4 Kxd1 46. f4 Kd2 47. f5 h5 48. fxg6 hxg4 49. g7 g3 50. g8=Q g2 51. Qxg2+ Kc3 52. h5 b5 53. h6 b4 54. h7 Kd4 55. h8=Q+ Kc5 56. Qe5+ Kb6 57. Qg6+ Kb7 58. Qeg7+ Kc8 59. Qe8# 1-0


[Site "https://www.chess.com"]

[Event "Titled Tuesday Blitz December 06 Late 2022"]
[White "Lewicki, Miroslaw"]
[Black "Arnold, Ken"]
[WhiteFideId "1113380"]
[BlackFideId "2056836"]
[WhiteElo "2191"]
[BlackElo "2413"]
[Result "1-0"]
[Round "03"]
[TimeControl "180+1"]
[Date "2022.12.07"]
[WhiteClock "0:01:08"]
[BlackClock "0:00:20"]

1. g3 d5 2. Bg2 Nf6 3. Nf3 c6 4. O-O Bg4 5. Ne5 Nbd7 6. Nxg4 Nxg4 7. e4 Ngf6 8. exd5 Nxd5 9. c4 Nc7 10. d4 e6 11. Nc3 Be7 12. Bf4 O-O 13. d5 exd5 14. cxd5 Nxd5 15. Nxd5 cxd5 16. Qxd5 Nc5 17. Qf3 Qb6 18. Be5 Rad8 19. Rad1 Rxd1 20. Rxd1 Rd8 21. Rxd8+ Qxd8 22. Qc3 f6 23. Bd4 b6 24. b4 Ne6 25. Be3 Nc7 26. Be4 g6 27. Bf4 Ne8 28. Qc4+ Kg7 29. Qe6 Qd6 30. Bxd6 1-0


[Site "https://www.chess.com"]

[Event "Titled Tuesday Blitz December 06 Late 2022"]
[White "Mahdavi, Reza"]
[Black "Dimitrov, Atanas"]
[WhiteFideId "12595926"]
[BlackFideId "2901315"]
[WhiteElo "2242"]
[BlackElo "2597"]
[Result "0-1"]
[Round "03"]
[TimeControl "180+1"]
[Date "2022.12.06"]
[WhiteClock "0:00:43"]
[BlackClock "0:01:21"]

1. d4 Nf6 2. c4 g6 3. Nc3 d5 4. Nf3 Bg7 5. Qb3 dxc4 6. Qxc4 O-O 7. e4 a6 8. Be2 b5 9. Qb3 c5 10. dxc5 Be6 11. Qc2 Nc6 12. O-O Rc8 13. Be3 Ng4 14. Bf4 Nb4 15. Qb1 Rxc5 16. a3 Nc6 17. h3 Nge5 18. Ng5 Bc4 19. Rd1 Qc8 20. Bxc4 Nxc4 21. Rc1 Nd4 22. b3 Nxa3 23. Rxa3 Rxc3 24. Rxc3 Qxc3 25. Be3 Nc2 26. Ra5 0-1


[Site "https://www.chess.com"]

[Event "Titled Tuesday Blitz December 06 Late 2022"]
[White "Makridis, Dimitrios"]
[Black "Marchesich, Giovanni"]
[WhiteFideId "25864475"]
[BlackFideId "2824790"]
[WhiteElo "2272"]
[BlackElo "2200"]
[Result "1-0"]
[Round "03"]
[TimeControl "180+1"]
[Date "2022.12.06"]
[WhiteClock "0:00:35"]
[BlackClock "0:02:21"]

1. Nc3 d5 2. e4 dxe4 3. Nxe4 Bf5 4. d3 Nf6 5. Nxf6+ exf6 6. g3 Bd6 7. Bg2 Nc6 8. Ne2 Qd7 9. Bf4 O-O-O 10. Bxd6 Qxd6 11. O-O h5 12. h4 g5 13. hxg5 fxg5 14. Qd2 f6 15. b4 h4 16. b5 Ne5 17. Qe3 h3 18. Be4 h2+ 19. Kh1 Bh3 20. Qxa7 Bxf1 21. Bf5+ 1-0


[Site "https://www.chess.com"]

[Event "Titled Tuesday Blitz December 06 Late 2022"]
[White "Maksimovic, Bojan"]
[Black "Abasov, Nijat"]
[WhiteFideId "14408120"]
[BlackFideId "13402960"]
[WhiteElo "2462"]
[BlackElo "2546"]
[Result "0-1"]
[Round "03"]
[TimeControl "180+1"]
[Date "2022.12.06"]
[WhiteClock "0:00:02"]
[BlackClock "0:01:07"]

1. d4 Nf6 2. c4 e6 3. Nf3 b6 4. a3 Bb7 5. Nc3 d5 6. cxd5 Nxd5 7. Bg5 Be7 8. Bxe7 Qxe7 9. e3 Nxc3 10. bxc3 O-O 11. Bd3 c5 12. O-O Rd8 13. Qe2 Nc6 14. Rfd1 Rac8 15. Rab1 cxd4 16. cxd4 Qxa3 17. Ng5 h6 18. Ne4 Qe7 19. Ng3 Nb4 20. Bc4 Nd5 21. Rdc1 Rc7 22. Bxd5 Bxd5 23. h3 Rdc8 24. Rxc7 Rxc7 25. e4 Bc4 26. Qg4 b5 27. h4 Rd7 28. Nh5 f5 29. exf5 exf5 30. Qxf5 Rxd4 31. Ng3 Bd3 32. Qc8+ Rd8 33. Qc1 Bxb1 34. Qxb1 Qxh4 35. Qxb5 Rd1+ 36. Nf1 Qd4 37. Qb8+ Kh7 38. Qb3 Qd3 39. Qxd3+ Rxd3 40. Ne3 Rxe3 41. fxe3 a5 42. Kf2 a4 43. Ke2 a3 0-1


[Site "https://www.chess.com"]